Map: Moondance

Players

Harstem

  • Race: Protoss Protoss
  • Spawn Location: 6:00

Bunny - Winner!

  • Race: Terran Terran
  • Spawn Location: 12:00

Event: DreamHack SC2 Masters 2022 Atlanta (Offline)

VOD

Have the link to the VOD?

Description

Time

  • Played on: Nov. 18, 2022, 1:50 p.m.
  • Length: 4:58

All games in this series

Show
View Real Time Build Order
Export as new Build Order

Harstem Protoss 

Build Orders: 1 Gate Expand, Oracle Opening 

Get SALT Encoding   

  12  0:00  Probe  
  13  0:12  Probe  
  14  0:17  Pylon  
  14  0:24  Probe  
  15  0:35  Gateway  
  15  0:36  Probe (Chrono Boost)  
  16  0:45  Assimilator  
  16  0:47  Probe (Chrono Boost)  
  17  0:52  Probe (Chrono Boost)  
  18  1:03  Probe  
  19  1:15  Probe  
  20  1:21  Nexus  
  20  1:31  Cybernetics Core  
  20  1:34  Probe  
  20  1:39  Assimilator  
  21  1:46  Probe  
  22  1:49  Pylon  
  22  1:58  Probe  
  23  2:04  Adept (Chrono Boost)  
  25  2:10  Probe  
  25  2:11  Stargate  
  26  2:22  Probe  
  27  2:25  Adept (Chrono Boost)  
  29  2:33  Probe  
  29  2:34  Probe  
  31  2:46  Probe  
  31  2:47  Stalker (Chrono Boost)  
  37  2:59  Probe  
  37  3:01  Void Ray (Chrono Boost)  
  38  3:08  Probe  
  35  3:15  Probe  
  33  3:20  Shield Battery  
  33  3:22  Probe  
  30  3:27  Probe  
  29  3:39  Probe  
  28  3:43  Oracle (Chrono Boost)  
  28  3:46  Probe  
  31  3:51  Probe  
  32  3:58  Probe  
  33  4:03  Probe  
  34  4:10  Probe  
  34  4:12  Pylon  
  36  4:21  Stalker (Chrono Boost)  
  36  4:23  Probe  
  37  4:30  Shield Battery, Probe  
  39  4:35  Probe  
  39  4:42  Probe  
  39  4:43  Pylon  
Show
View Real Time Build Order
Export as new Build Order

Bunny Terran - Winner!

Build Orders:  

Get SALT Encoding   

  12  0:00  SCV  
  13  0:12  SCV  
  14  0:17  Supply Depot  
  14  0:25  SCV  
  15  0:39  SCV, Barracks  
  16  0:45  Refinery  
  16  0:51  SCV  
  16  0:55  Refinery  
  17  1:03  SCV  
  18  1:15  SCV  
  19  1:26  Barracks Tech Lab  
  19  1:27  Orbital Command  
  19  1:39  Factory  
  19  1:46  Marauder  
  21  1:50  Supply Depot  
  21  1:55  Concussive Shells  
  21  2:07  Marauder  
  23  2:12  SCV  
  26  2:23  Hellion  
  26  2:25  SCV  
  26  2:29  Marauder  
  29  2:30  Supply Depot  
  29  2:41  SCV  
  30  2:46  Starport  
  30  2:50  Bunker  
  30  2:52  Hellion  
  30  2:56  Marauder  
  34  3:01  SCV  
  35  3:13  Factory Tech Lab  
  35  3:15  SCV  
  35  3:20  Marauder  
  37  3:27  SCV  
  39  3:37  Viking  
  39  3:40  SCV  
  36  3:47  Supply Depot  
  36  3:56  Cyclone  
  36  4:00  Command Center  
  39  4:09  Viking, Marauder  
  43  4:12  SCV  
  44  4:19  Supply Depot  
  47  4:40  SCV  
Tags
 
Add a new tag
Caveats
  • Supply blocks, unpowered buildings, or Contaminate may cause inaccurate times.
  • Supply counts are checked every 10 seconds.